 Dungeon Crawl Stone Soup version 0.27-a0-1228-gfd60fd639a (webtiles) character file.

Game seed: 13258070634498369831

2954 HendSelp the Cruncher (level 9, -9/70 HPs)
             Began as a Pale Draconian Berserker on June 8, 2021.
             Was an Elder of Trog.
             Mangled by an orc warrior
             ... wielding a +0 trident
              (12 damage)
             ... on level 7 of the Dungeon.
             The game lasted 00:13:02 (9008 turns).

HendSelp the Cruncher (Pale Draconian Berserker)    Turns: 9008, Time: 00:13:02

Health: -9/70      AC:  9    Str: 21 (24) XL:     9   Next: 52%
Magic:  9/9        EV: 12    Int:  4 (7)  God:    Trog [****..]
Gold:   277        SH:  0    Dex: 14 (16) Spells: 8/8 levels left

rFire    . . .     SeeInvis +   a - +1 lajatang
rCold    . . .     Faith    .   (shield currently unavailable)
rNeg     . . .     Spirit   .   (armour unavailable)
rPois    .         Reflect  .   (helmet restricted)
rElec    .         Harm     .   v - +0 cloak
rCorr    .         Rampage  .   g - +0 pair of gloves
Will     .....                  (no boots)
Stlth    +.........             (no amulet)
HPRegen  0.21/turn              e - +6 ring of dexterity
MPRegen  0.11/turn              k - ring of see invisible

@: mighty, on berserk cooldown, slowed, very slow
A: breathe steam, AC +7, unfitting armour, cold-blooded, steam resistance
a: Breathe Steam, Renounce Religion, Berserk, Trog's Hand, Brothers in Arms


You were on level 7 of the Dungeon.
You worshipped Trog.
Trog was greatly pleased with you.
You visited 2 branches of the dungeon, and saw 8 of its levels.
You also visited: Sewer.

You collected 340 gold pieces.
You spent 63 gold pieces at shops.

Inventory:

Hand Weapons
 a - a +1 lajatang (weapon)
Missiles
 l - a throwing net
Armour
 g - a +0 pair of gloves (worn)
 v - a +0 cloak (worn)
Jewellery
 d - a ring of fire
 e - a +6 ring of dexterity (left hand)
 k - a ring of see invisible (right hand)
 o - a ring of protection from cold
 x - a ring of poison resistance
Wands
 n - a wand of flame (29)
 p - a wand of polymorph (8)
Scrolls
 h - a scroll of fear
 s - 2 scrolls of fog
 y - 4 scrolls of teleportation
Potions
 b - a potion of berserk rage
 c - 4 potions of curing
 f - a potion of invisibility {unknown}
 i - 6 potions of flight
 j - a potion of magic
 m - a potion of might
 q - 2 potions of heal wounds {unknown}
 r - a potion of lignification {unknown}
 t - 2 potions of degeneration
 u - 2 potions of mutation {unknown}
 w - a potion of cancellation {unknown}


   Skills:
 - Level 3.3 Fighting
 - Level 5.6(9.7) Polearms
 + Level 12.0(12.5) Staves
 - Level 2.7 Dodging


You had 8 spell levels left.
You didn't know any spells.
Your spell library was empty.

Dungeon Overview and Level Annotations

Branches:
Dungeon (7/15)             Temple (1/1) D:7           Sewer (visited)

Altars:
Dithmenos
Elyvilon
Fedhas
Hepliaklqana
Kikubaaqudgha
Makhleb
Nemelex Xobeh
Okawaru
Qazlal
Sif Muna
Trog
Xom
Yredelemnul
Zin
The Shining One

Shops:
D:2 *[![   D:5 *=


Innate Abilities, Weirdness & Mutations

You can breathe blasts of scalding, opaque steam.
Your pale cyan-grey scales are hard. (AC +7)
You cannot fit into any form of body armour.
You are cold-blooded and may be slowed by cold attacks.
You are immune to the effects of steam.


Message History

Unknown command.
The orc warrior closely misses you.
The orc wizard gestures wildly while chanting.
The orc wizard flickers and vanishes for a moment.
The orc warrior closely misses you.
Unknown command.
The orc warrior hits you but does no damage.
The orc warrior barely misses you.
Unknown command.
You hit the orc warrior but do no damage.
Your tail-slap misses the orc warrior.
The orc warrior hits you but does no damage.
Unknown command.
You hit the orc warrior but do no damage.
The orc warrior hits you with a +0 trident!
The orc wizard casts a spell.
The orc wizard flickers and vanishes for a moment.
Unknown command.
You bump into the rock wall.
You feel less confused.
The orc warrior hits you with a +0 trident!
Unknown command.
The orc warrior hits you from afar with a +0 trident! x2
* * * LOW HITPOINT WARNING * * *
The orc warrior hits you with a +0 trident!
* * * LOW HITPOINT WARNING * * *
Unknown command.
Unknown command.
It was a potion of degeneration.
There was something very wrong with that liquid.
You feel weakened.
You feel dopey.
You feel clumsy.
The orc warrior hits you but does no damage. x2
It was a potion of might.
You feel very mighty all of a sudden. The orc warrior closely misses you.
It was a potion of magic.
Magic courses through your body.
A killer bee comes into view.
The orc warrior misses you.
The orc warrior hits you with a +0 trident!
You die...

### #........# # ?..##
#......†.# # .....#
#........# # ......
#........#### # ....#
#...........## # #...
#........##..### #(.o###
#........###.##.
#.ooco####..###### #.##.
#?..#oo@.....#######..:.
#c..#####.#.............
yB..# #.##...######..#


yyy... #.####.### #...# .?...# #.# #...###.#.. [..## #.# ##......##) ### ..#
###....####) ### #......##### #.#.#....### You could see an orc warrior, a
centaur, 2 orc wizards and 3 orcs.

Vanquished Creatures
  Prince Ribbit (D:5)
  A wyvern (D:7)
  Eustachio (D:4)
  Edmund (D:5)
  Duvessa (D:7)
  A water moccasin (D:6)
  2 black bears
  2 orc warriors
  2 ice beasts
  A sky beast (D:7)
  2 centaurs
  2 kobold brigands
  A bullfrog (D:7)
  2 wyvern zombies
  A scorpion (D:7)
  Dowan (D:7)
  A gnoll sergeant (D:5)
  A water moccasin skeleton (D:5)
  2 centaur zombies
  4 jellies
  3 centaur skeletons
  An orc priest (D:6)
  A hound (D:6)
  2 iguanas
  4 orc wizards
  A hound zombie (D:5)
  A howler monkey zombie (D:6)
  Robin (D:4)
  5 adders
  6 gnolls
  A howler monkey skeleton (D:6)
  3 river rats (Sewer)
  An ufetubus (D:6)
  4 worms
  2 dart slugs
  32 orcs
  4 endoplasms
  3 giant cockroaches
  13 goblins
  2 hobgoblins
  3 jackals
  7 quokkas
  7 ball pythons
  4 bats
  5 frilled lizards
  10 kobolds
  5 rats
161 creatures vanquished.

Vanquished Creatures (others)
  2 bushes (D:5)
2 creatures vanquished.

Grand Total: 163 creatures vanquished

Notes
Turn   | Place    | Note
-------+----------+-------------------------------------------
     0 | D:1      | HendSelp the Draconian Berserker began the quest for the
                  | Orb.
     0 | D:1      | Reached XP level 1. HP: 19/19 MP: 1/1
    66 | D:1      | HP: 1/28 [frilled lizard (3)]
    68 | D:1      | Reached skill level 1 in Staves
    74 | D:1      | Reached XP level 2. HP: 3/26 MP: 2/2
   641 | D:1      | Reached skill level 2 in Staves
   828 | D:1      | Found a faded altar of an unknown god.
  1357 | D:1      | Reached XP level 3. HP: 31/31 MP: 3/3
  1866 | D:2      | Reached skill level 3 in Staves
  1893 | D:2      | Found Walofri's Antique Armour Shoppe.
  2142 | D:2      | Found Pureadu's Armour Boutique.
  2149 | D:2      | Found Bachuxeoq's Distillery.
  2150 | D:2      | Bought a +0 pair of gloves for 63 gold pieces
  2497 | D:2      | Found Vadaus's Assorted Antiques.
  2694 | D:3      | Reached ** piety under Trog
  2726 | D:3      | Found a glowing drain.
  2755 | Sewer    | Entered a sewer
  2760 | Sewer    | Reached XP level 4. HP: 33/38 MP: 4/4
  2952 | Sewer    | Noticed a kobold brigand
  2964 | Sewer    | Killed a kobold brigand
  2965 | Sewer    | Reached XP level 5. HP: 45/45 MP: 5/5
  3058 | Sewer    | Found a glowing silver altar of Zin.
  3154 | D:3      | Reached skill level 5 in Polearms
  3281 | D:3      | Found a stormy altar of Qazlal.
  3464 | D:3      | Found a white marble altar of Elyvilon.
  3581 | D:3      | Found a shadowy altar of Dithmenos.
  3724 | D:4      | Reached XP level 6. HP: 43/51 MP: 6/6
  3799 | D:4      | Reached skill level 4 in Staves
  3872 | D:4      | Noticed Robin
  3891 | D:4      | Killed Robin
  3901 | D:4      | Reached skill level 5 in Staves
  4285 | D:4      | Your scales start taking on a pale cyan-grey colour.
  4285 | D:4      | Reached XP level 7. HP: 57/57 MP: 7/7
  4285 | D:4      | Gained mutation: You are immune to the effects of steam.
                  | [Pale Draconian growth]
  4796 | D:5      | Entered Level 5 of the Dungeon
  4805 | D:5      | Noticed Eustachio
  4811 | D:4      | Reached *** piety under Trog
  4964 | D:4      | Killed Eustachio
  4965 | D:4      | Reached skill level 6 in Staves
  5164 | D:5      | Reached skill level 7 in Staves
  5199 | D:5      | Found a blossoming altar of Fedhas.
  5230 | D:5      | HP: 4/85 [hound zombie (3)]
  5527 | D:5      | Found Upeh's Jewellery Boutique.
  5560 | D:5      | Found Myffaf's General Store.
  5934 | D:5      | Reached XP level 8. HP: 14/63 MP: 8/8
  5938 | D:5      | Reached skill level 8 in Staves
  6122 | D:5      | Noticed Prince Ribbit
  6160 | D:5      | Killed Prince Ribbit
  6322 | D:5      | Noticed Edmund
  6337 | D:5      | Killed Edmund
  6338 | D:5      | Reached skill level 9 in Staves
  7177 | D:6      | Reached skill level 10 in Staves
  7193 | D:6      | Reached **** piety under Trog
  7280 | D:6      | Reached XP level 9. HP: 55/70 MP: 9/9
  7567 | D:6      | Identified the +3 falchion of Bodily Harmony {vorpal, rF+
                  | Will- Int+2 Dex+3}
  7959 | D:7      | Reached skill level 11 in Staves
  7991 | D:7      | Found a staircase to the Ecumenical Temple.
  8294 | Temple   | Entered the Ecumenical Temple
  8702 | D:7      | Noticed Dowan
  8705 | D:7      | Noticed Duvessa
  8714 | D:7      | Killed Duvessa
  8718 | D:7      | Killed Dowan
  8899 | D:7      | Reached skill level 12 in Staves
  8994 | D:7      | Noticed a boulder beetle
  9005 | D:7      | HP: 2/70 [orc warrior/+0 trident (11)]
  9008 | D:7      | Mangled by an orc warrior

Illustrated notes

Levels and vault maps discovered:
D:1:      dpeg_arrival_more_subterranean_lakeside_camping, layout_basic,
          shapermc_ecumenical_altar_totnotflames
D:2:      layout_basic, serial_shops,
          nicolae_shop_temple_entry_statues_fountains, shop,
          nicolae_shop_crystal, nicolae_shop_stone, columned_hall_lemuel
D:3:      layout_rooms, lemuel_crystal_altar, nicolae_elyvilon_peaceful_grove,
          nicolae_overflow_crystal_walls, portal_sewer_entry_f
D:4:      layout_basic, uniq_robin
D:5:      layout_layer_cave, fedhas_bush_and_centaur_altar, serial_shops, shop,
          shop, uniq_eustachio, uniq_edmund, uniq_prince_ribbit1
D:6:      layout_loops_ring
D:7:      layout_rooms, nicolae_overflow_hidden_temple,
          minmay_temple_entry_poolview, grunt_potential, uniq_duvessa
Temple:   minmay_temple_curvy_loop

Skill      XL: |  1  2  3  4  5  6  7  8  9 |
---------------+----------------------------+-----
Staves         | 1 2 3 5 7 10 12 | 12.0
Polearms       | 4 5 |  5.6
Fighting       | |  3.3
Dodging        | |  2.7

Action                   |  1- 3 |  4- 6 |  7- 9 || total
-------------------------+-------+-------+-------++-------
Melee: Spear             |   114 |       |       ||   114
       Tailslap          |    16 |    17 |    44 ||    77
       Trident           |    36 |    67 |       ||   103
       Lajatang          |       |    45 |   258 ||   303
Invok: Berserk           |     1 |     1 |     4 ||     6
       Trog's Hand       |       |       |     1 ||     1
 Abil: Breathe Steam     |       |       |     2 ||     2
  Use: Scroll            |     7 |     1 |     6 ||    14
       Potion            |       |       |     3 ||     3
 Stab: Sleeping          |     4 |       |       ||     4
       Distracted        |       |       |     1 ||     1
Armor: Skin              |    48 |    45 |    88 ||   181
Dodge: Dodged            |    88 |    69 |   185 ||   342

Table legend: (Time is in decaauts)
 A = Elapsed time spent in this place.
 B = Non-inter-level travel time spent in this place.
 C = Inter-level travel time spent in this place.
 D = Time resting spent in this place.
 E = Time spent auto-exploring this place.
 F = Levels seen in this place.
 G = Mean time per level.
                   A        B        C        D        E       F      G
               +--------+--------+--------+--------+--------+-----+--------+
         Total |   9070 |   8696 |    374 |   1053 |   6541 |   9 | 1007.8 |
       Dungeon |   8358 |   7996 |    362 |   1050 |   6005 |   7 | 1194.0 |
        Temple |    322 |    311 |     11 |      0 |    208 |   1 |  322.0 |
         Sewer |    389 |    389 |      0 |      2 |    328 |   1 |  389.0 |
               +--------+--------+--------+--------+--------+-----+--------+

Top non-repeatable levels by time:
     D:5: 1895 daAuts
     D:1: 1717 daAuts
     D:4: 1251 daAuts
     D:7: 1041 daAuts
     D:2: 961 daAuts
     D:6: 800 daAuts
     D:3: 690 daAuts
   Sewer: 389 daAuts
  Temple: 322 daAuts
